 Dungeon Crawl Stone Soup version 0.31-a0-1161-g593ecc88b7 (webtiles) character file.

Game seed: 9962704172023435594

411 Maratek the Trooper (level 6, -3/44 HPs)
             Began as an Octopode Fighter on Dec 8, 2023.
             Slain by a centaur skeleton (4 damage)
             ... on level 4 of the Dungeon.
             The game lasted 00:03:49 (2706 turns).

Maratek the Trooper (Octopode Fighter)              Turns: 2706, Time: 00:03:50

Health: -3/44      AC:  1    Str: 23    XL:     6   Next: 90%
Magic:  6/6        EV: 14    Int: 10    God:
Gold:   130        SH:  5    Dex: 12    Spells: 5/5 levels left

rFire   . . .        m - +7 Throatcutter {drain, coup de grace}
rCold   . . .        b - +0 buckler
rNeg    . . .        (helmet restricted)
rPois   .            n - amulet of regeneration
rElec   .            i - +6 ring of strength
rCorr   .            (no ring)
SInv    .            (no ring)
Will    .....        (no ring)
Stlth   +++          (no ring)
HPRegen 1.07/turn    (no ring)
MPRegen 0.10/turn    (no ring)
                     (no ring)

%: no passive effects
@: mighty
A: almost no armour, amphibious, 8 rings, camouflage 1, gelatinous body 1,
(nimble swimmer 1), tentacles
a: no special abilities


You were on level 4 of the Dungeon.
You visited 1 branch of the dungeon, and saw 4 of its levels.

You collected 130 gold pieces.

Inventory:

Hand Weapons
 a - a +0 vampiric war axe
 m - the +7 Throatcutter (weapon) {drain, coup de grace}
   (You found it on level 3 of the Dungeon)
Armour
 b - a +0 buckler (worn)
Jewellery
 i - a +6 ring of strength (left tentacle)
 n - an amulet of regeneration (around mantle)
Scrolls
 f - 2 scrolls of enchant armour
Potions
 c - 2 potions of might
 d - a potion of berserk rage {unknown}
 g - a potion of magic
 h - 4 potions of attraction {unknown}
 k - a potion of brilliance {unknown}


   Skills:
 * Level 4.4 Fighting
 * Level 1.3 Long Blades
 - Level 3.4 Axes
 * Level 4.4 Dodging
 * Level 2.0 Stealth
 * Level 4.4 Shields


You had 5 spell levels left.
You didn't know any spells.
Your spell library contained the following spells:

 Spells                   Type           Power      Damage    Failure   Level
 Sting                    Tmut/Pois      0%         1d3       41%         1
 Poisonous Vapours        Pois/Air       0%         N/A       56%         2
 Olgreb's Toxic Radiance  Pois           0%         N/A       99%         4


Dungeon Overview and Level Annotations

Branches:
Dungeon (4/15)
 Temple: D:4-7

Altars:
Ru

Shops:
D:1 :


Innate Abilities, Weirdness & Mutations

You cannot wear most types of armour.
You are amphibious.
You can wear up to eight rings at the same time.
Your skin changes colour to match your surroundings (Stealth+).
Your rubbery body absorbs attacks. (AC +1, EV +1)
((You are camouflaged when in or above water. (Stealth+)))
You have tentacles for arms and can constrict up to eight enemies at once.


Message History

The centaur zombie hits you but does no damage.
The centaur zombie kicks you.
You slash the phantom!
You behead the phantom!
You destroy the phantom!
The centaur zombie hits you. The centaur zombie kicks you.
* * * LOW HITPOINT WARNING * * *
The centaur zombie hits you.
* * * LOW HITPOINT WARNING * * *
The centaur zombie kicks you.
* * * LOW HITPOINT WARNING * * *
The bullfrog skeleton completely misses you.
Your Long Blades skill increases to level 1!
Your Stealth skill increases to level 2!
You slash the bullfrog skeleton! Your grab misses the bullfrog skeleton.
Your squeeze misses the bullfrog skeleton.
The bullfrog skeleton is heavily damaged.
The bullfrog skeleton hits you.
* * * LOW HITPOINT WARNING * * *
The centaur zombie barely misses you. The centaur zombie misses you.
The adder zombie barely misses you.
You block the centaur skeleton's attack.
The centaur skeleton barely misses you. The centaur zombie barely misses you.
The centaur zombie kicks you.
* * * LOW HITPOINT WARNING * * *
The bullfrog skeleton hits you.
* * * LOW HITPOINT WARNING * * *
The adder zombie barely misses you. The centaur skeleton hits you.
* * * LOW HITPOINT WARNING * * *
The centaur skeleton kicks you.
* * * LOW HITPOINT WARNING * * *
You slash the bullfrog skeleton!
You destroy the bullfrog skeleton!
The centaur zombie hits you.
* * * LOW HITPOINT WARNING * * *
The centaur zombie kicks you.
* * * LOW HITPOINT WARNING * * *
The centaur skeleton misses you.
You block the centaur skeleton's attack.
The adder zombie completely misses you. The centaur skeleton hits you.
You die...

#.. ####..####
........#
########......#
#.............#
#.....[.......#
#..@Z.#.#...#.###
#.Z.Z...#.#.....#
#.....#.#.#.###.#
##..........# #.#
######.#.#.###.#
...g......#.....#
........#####.###
######### #.#
###.#


You could see an adder zombie, a centaur zombie and a centaur skeleton.

Vanquished Creatures
  2 phantoms (D:4)
  2 kobold brigands (D:3)
  A bullfrog skeleton (D:4)
  An iguana (D:4)
  3 adders (D:3)
  2 dart slugs
  3 worms (D:2)
  4 ball pythons
  5 bats
  2 endoplasms (D:2)
  6 giant cockroaches
  5 goblins
  10 hobgoblins
  2 jackals (D:2)
  10 kobolds
  3 quokkas
  3 frilled lizards
  3 rats
67 creatures vanquished.

Notes
Turn   | Place    | Note
-------+----------+-------------------------------------------
     0 | D:1      | Maratek the Octopode Fighter began the quest for the Orb.
     0 | D:1      | Reached XP level 1. HP: 16/16 MP: 1/1
   169 | D:1      | Found Como's Book Shoppe.
   174 | D:1      | Reached XP level 2. HP: 17/21 MP: 2/2
   598 | D:1      | Reached XP level 3. HP: 25/26 MP: 3/3
  1299 | D:2      | Reached XP level 4. HP: 18/31 MP: 4/4
  1605 | D:3      | Found a sacrificial altar of Ru.
  2079 | D:3      | Found the +7 Throatcutter {drain, coup de grace}
  2079 | D:3      | Noticed a kobold brigand
  2079 | D:3      | Noticed a kobold brigand
  2088 | D:3      | Killed a kobold brigand
  2089 | D:3      | Reached XP level 5. HP: 37/37 MP: 5/5
  2092 | D:3      | Killed a kobold brigand
  2093 | D:3      | Reached XP level 6. HP: 32/43 MP: 6/6
  2703 | D:4      | Reached skill level 1 in Stealth
  2705 | D:4      | Reached skill level 1 in Long Blades
  2706 | D:4      | HP: 1/44 [centaur zombie (2)]
  2706 | D:4      | Slain by a centaur skeleton

Illustrated notes

Levels and vault maps discovered:
D:1:      co_arrival_square_in_a_square_in_a_square, layout_basic, serial_shops,
          nicolae_diamond_shop, grunt_decor_junction, serial_bayou_lagoon_a
D:2:      layout_loops_cross, glass_columns_a
D:3:      layout_basic, lemuel_tele_altar, dilly_guarded_unrand_throatcut
D:4:      layout_loops_ring, serial_undead, serial_undead_f, serial_undead_a,
          serial_undead_c, serial_undead_a

Skill      XL: |  1  2  3  4  5  6 |
---------------+-------------------+-----
Axes           | 3 |  3.4
Fighting       | 4 |  4.4
Dodging        | 4 |  4.4
Shields        | 4 |  4.4
Stealth        | 2 |  2.0
Long Blades    | 1 |  1.3

Action                     |  1- 3 |  4- 6 || total
---------------------------+-------+-------++-------
  Melee: War axe           |    66 |    30 ||    96
         Constrict         |    21 |    10 ||    31
         Tentacles         |    10 |    11 ||    21
         Long sword        |       |    15 ||    15
    Use: Scroll            |     4 |     4 ||     8
         Potion            |       |     1 ||     1
   Stab: Sleeping          |     7 |     4 ||    11
 Armour: Skin              |    22 |    43 ||    65
  Dodge: Dodged            |    41 |    35 ||    76
  Block: Buckler           |    15 |     7 ||    22

Table legend: (Time is in decaauts)
 A = Elapsed time spent in this place.
 B = Non-inter-level travel time spent in this place.
 C = Inter-level travel time spent in this place.
 D = Time resting spent in this place.
 E = Time spent auto-exploring this place.
 F = Levels seen in this place.
 G = Mean time per level.
                   A        B        C        D        E       F      G
               +--------+--------+--------+--------+--------+-----+--------+
         Total |   2749 |   2661 |     88 |     35 |   2194 |   4 |  687.2 |
       Dungeon |   2749 |   2661 |     88 |     35 |   2194 |   4 |  687.2 |
               +--------+--------+--------+--------+--------+-----+--------+

Top non-repeatable levels by time:
     D:3: 1061 daAuts
     D:1: 849 daAuts
     D:2: 783 daAuts
     D:4: 55 daAuts
